TOP OF THE 1ST |
Bishop Gorman HS Balbasaurs batting - Pitching for Maize HS : RHP Curtis Steele
|
Pitching: RHP Curtis Steele
|
|
Batting: RHB Chris Cox
|
0-0: Ball 1-0: Ball 2-0: Ball 3-0: Called Strike 3-1: Base on Balls
|
Batting: RHB Júlio García
|
0-0: Ball 1-0: Ball 2-0: Ball 3-0: Base on Balls Chris Cox to second
|
Batting: RHB José Díaz
|
0-0: Ball Chris Cox is caught stealing 3rd base Júlio García to second 1-0: Called Strike 1-1: Ball 2-1: Foul Ball, location: 2F 2-2: Foul Ball, location: 2F 2-2: Ball 3-2: Strikes out swinging
|
Batting: LHB Guillermo Peña
|
0-0: Ball 1-0: Ball 2-0: Ball 3-0: Base on Balls
|
Batting: RHB Gabriel Lucero
|
0-0: Foul Ball, location: 2F 0-1: Foul Ball, location: 2F 0-2: Strikes out looking
|
Top of the 1st over - 0 run(s), 0 hit(s), 0 error(s), 2 left on base; Bishop Gorman HS 0 - Maize HS 0 |
BOTTOM OF THE 1ST |
Maize HS batting - Pitching for Bishop Gorman HS Balbasaurs : RHP Vaughan Sellers
|
Pitching: RHP Vaughan Sellers
|
|
Batting: LHB Ed Nelson
|
0-0: SINGLE (Groundball, 4MD)
|
Batting: RHB Pedro Casillas
|
0-0: Called Strike 0-1: Ball 1-1: Swinging Strike 1-2: Ball 2-2: Ball 3-2: Strikes out swinging
|
Batting: LHB Scot Godwin
|
0-0: Called Strike Ed Nelson steals 2nd base 0-1: Called Strike 0-2: Ball 1-2: Strikes out swinging
|
Batting: RHB Dennis Brooks
|
0-0: DOUBLE (Line Drive, 7LM) Ed Nelson scores
|
Batting: SHB Álex Vega
|
0-0: Ball 1-0: Swinging Strike 1-1: Called Strike 1-2: Fly out, F7 (Flyball, 7S)
|
Bottom of the 1st over - 1 run(s), 2 hit(s), 0 error(s), 1 left on base; Bishop Gorman HS 0 - Maize HS 1 |
TOP OF THE 2ND |
Bishop Gorman HS Balbasaurs batting - Pitching for Maize HS : RHP Curtis Steele
|
Batting: RHB Ramón Chávez
|
0-0: Called Strike 0-1: Ball 1-1: Called Strike 1-2: Foul Ball, location: 2F 1-2: Strikes out looking
|
Batting: RHB Jimmy Martin
|
0-0: Foul Ball, location: 2F 0-1: Swinging Strike 0-2: Ball 1-2: Strikes out swinging
|
Batting: RHB John Milligan
|
0-0: Foul Ball, location: 2F 0-1: Swinging Strike 0-2: Strikes out looking
|
Top of the 2nd over - 0 run(s), 0 hit(s), 0 error(s), 0 left on base; Bishop Gorman HS 0 - Maize HS 1 |
BOTTOM OF THE 2ND |
Maize HS batting - Pitching for Bishop Gorman HS Balbasaurs : RHP Vaughan Sellers
|
Batting: RHB Michael Obrego
|
0-0: Ball 1-0: SOLO HOME RUN (Flyball, 7D), Distance : 389 ft
|
Batting: LHB Jorge Merced
|
0-0: Reached on error, E6 (Groundball, 6)
|
Batting: RHB Dan Osborne
|
0-0: Fly out, F7 (Flyball, 7LSF)
|
Batting: SHB Armando Guzmán
|
0-0: Ball 1-0: Ball 2-0: Foul Ball, location: 2F 2-1: Ball 3-1: Foul Ball, location: 2F 3-2: Strikes out looking
|
Batting: LHB Ed Nelson
|
0-0: Foul Ball, location: 2F 0-1: Foul Ball, location: 2F 0-2: Ball 1-2: SINGLE (Groundball, 6MS) (infield hit) Jorge Merced to second
|
Batting: RHB Pedro Casillas
|
0-0: Ball 1-0: Foul Ball, location: 2F 1-1: Fly out, F7 (Flyball, 7LS)
|
Bottom of the 2nd over - 1 run(s), 2 hit(s), 1 error(s), 2 left on base; Bishop Gorman HS 0 - Maize HS 2 |
TOP OF THE 3RD |
Bishop Gorman HS Balbasaurs batting - Pitching for Maize HS : RHP Curtis Steele
|
Batting: RHB Mario Ramírez
|
0-0: Ball 1-0: Ground out 4-3 (Groundball, 34)
|
Batting: RHB Chris Cox
|
0-0: Ball 1-0: Bunted foul 1-1: Ball 2-1: Ball 3-1: Foul Ball, location: 2F 3-2: Foul Ball, location: 2F 3-2: Strikes out swinging
|
Batting: RHB Júlio García
|
0-0: Foul Ball, location: 2F 0-1: Ball 1-1: SINGLE (Groundball, 13S) (infield hit)
|
Batting: RHB José Díaz
|
0-0: Ball 1-0: Ball 2-0: Swinging Strike 2-1: Called Strike Júlio García steals 2nd base 2-2: Ball 3-2: Strikes out swinging
|
Top of the 3rd over - 0 run(s), 1 hit(s), 0 error(s), 1 left on base; Bishop Gorman HS 0 - Maize HS 2 |
BOTTOM OF THE 3RD |
Maize HS batting - Pitching for Bishop Gorman HS Balbasaurs : RHP Vaughan Sellers
|
Batting: LHB Scot Godwin
|
0-0: SINGLE (Line Drive, 3D)
|
Batting: RHB Dennis Brooks
|
0-0: Ball 1-0: Foul Ball, location: 2F 1-1: Called Strike 1-2: Strikes out swinging
|
Batting: SHB Álex Vega
|
0-0: Foul Ball, location: 2F Pickoff Throw to First - Out! 0-1: Foul Ball, location: 2F 0-2: SOLO HOME RUN (Flyball, 78XD), Distance : 425 ft
|
Batting: RHB Michael Obrego
|
0-0: Ball 1-0: Ball 2-0: Ball 3-0: Fly out, F9 (Flyball, 9S)
|
Bottom of the 3rd over - 1 run(s), 2 hit(s), 0 error(s), 0 left on base; Bishop Gorman HS 0 - Maize HS 3 |
TOP OF THE 4TH |
Bishop Gorman HS Balbasaurs batting - Pitching for Maize HS : RHP Curtis Steele
|
Batting: LHB Guillermo Peña
|
0-0: Swinging Strike 0-1: Ball 1-1: Foul Ball, location: 2F 1-2: Strikes out swinging
|
Batting: RHB Gabriel Lucero
|
0-0: Foul Ball, location: 2F 0-1: Swinging Strike 0-2: Strikes out swinging
|
Batting: RHB Ramón Chávez
|
0-0: Ball 1-0: Swinging Strike 1-1: Ball 2-1: Ball 3-1: SINGLE (Groundball, 2R) (infield hit)
|
Batting: RHB Jimmy Martin
|
0-0: Ball 1-0: Ball 2-0: Foul Ball, location: 2F 2-1: Foul Ball, location: 2F 2-2: Foul Ball, location: 2F 2-2: Ball 3-2: Fly out, F8 (Flyball, 8RM)
|
Top of the 4th over - 0 run(s), 1 hit(s), 0 error(s), 1 left on base; Bishop Gorman HS 0 - Maize HS 3 |
BOTTOM OF THE 4TH |
Maize HS batting - Pitching for Bishop Gorman HS Balbasaurs : RHP Vaughan Sellers
|
Batting: LHB Jorge Merced
|
0-0: Called Strike 0-1: Swinging Strike 0-2: Ball 1-2: Foul Ball, location: 2F 1-2: Hit by Pitch
|
Batting: RHB Dan Osborne
|
0-0: 2-RUN HOME RUN (Flyball, 9D), Distance : 421 ft
|
Batting: SHB Armando Guzmán
|
0-0: Foul Ball, location: 2F 0-1: Ball 1-1: Swinging Strike 1-2: SINGLE (Groundball, 56) (infield hit)
|
Batting: LHB Ed Nelson
|
0-0: Ball 1-0: Fly out, F7 (Flyball, 7LM)
|
Batting: RHB Pedro Casillas
|
0-0: Foul Ball, location: 2F 0-1: Grounds into double play, 5-4-3 (Groundball, 56)
|
Bottom of the 4th over - 2 run(s), 2 hit(s), 0 error(s), 0 left on base; Bishop Gorman HS 0 - Maize HS 5 |
TOP OF THE 5TH |
Bishop Gorman HS Balbasaurs batting - Pitching for Maize HS : RHP Curtis Steele
|
Batting: RHB John Milligan
|
0-0: Ball 1-0: Ball 2-0: Called Strike 2-1: Ball 3-1: Foul Ball, location: 2F 3-2: Strikes out swinging
|
Batting: RHB Mario Ramírez
|
0-0: Swinging Strike 0-1: Ball 1-1: Swinging Strike 1-2: Foul Ball, location: 2F 1-2: Reached on error, E1 (Groundball, 15S)
|
Pitching: LHP John Sharpley
|
|
Batting: RHB Chris Cox
|
0-0: Ball 1-0: Foul Ball, location: 2F 1-1: Fly out, F8 (Flyball, 8RM)
|
Batting: RHB Júlio García
|
0-0: Ball 1-0: Ball 2-0: Ball 3-0: Called Strike 3-1: Foul Ball, location: 2F 3-2: Base on Balls Mario Ramírez to second
|
Batting: RHB José Díaz
|
0-0: Ball 1-0: Foul Ball, location: 2F 1-1: Ball 2-1: SINGLE (Groundball, 56D) Mario Ramírez to third Júlio García to second Runner from 3rd tries for Home, SAFE, no throw
|
Batting: LHB Guillermo Peña
|
0-0: Called Strike 0-1: Foul Ball, location: 2F 0-2: Ball 1-2: Foul Ball, location: 2F 1-2: Strikes out looking
|
Top of the 5th over - 1 run(s), 1 hit(s), 1 error(s), 2 left on base; Bishop Gorman HS 1 - Maize HS 5 |
BOTTOM OF THE 5TH |
Maize HS batting - Pitching for Bishop Gorman HS Balbasaurs : RHP Vaughan Sellers
|
Pitching: RHP Manuel Ramírez
|
|
Batting: LHB Scot Godwin
|
0-0: Ball 1-0: Called Strike 1-1: Called Strike 1-2: Strikes out swinging
|
Batting: RHB Dennis Brooks
|
0-0: Called Strike 0-1: Ball 1-1: Foul Ball, location: 2F 1-2: Ball 2-2: Ball 3-2: Base on Balls
|
Batting: SHB Álex Vega
|
0-0: Foul Ball, location: 2F 0-1: Ball 1-1: Fly out, F9 (Line Drive, 9)
|
Batting: RHB Michael Obrego
|
0-0: 2-RUN HOME RUN (Flyball, 78XD), Distance : 427 ft
|
Batting: LHB Jorge Merced
|
0-0: Ball 1-0: Fly out, F9 (Flyball, 9LM)
|
Bottom of the 5th over - 2 run(s), 1 hit(s), 0 error(s), 0 left on base; Bishop Gorman HS 1 - Maize HS 7 |
TOP OF THE 6TH |
Bishop Gorman HS Balbasaurs batting - Pitching for Maize HS : LHP John Sharpley
|
Batting: RHB Gabriel Lucero
|
0-0: Ball 1-0: Swinging Strike 1-1: Swinging Strike 1-2: Strikes out swinging
|
Batting: RHB Ramón Chávez
|
0-0: Fly out, F9 (Flyball, 9S)
|
Batting: RHB Jimmy Martin
|
0-0: Ball 1-0: Ball 2-0: Ball 3-0: Base on Balls
|
Batting: RHB John Milligan
|
0-0: Swinging Strike 0-1: Foul Ball, location: 2F 0-2: Strikes out swinging
|
Top of the 6th over - 0 run(s), 0 hit(s), 0 error(s), 1 left on base; Bishop Gorman HS 1 - Maize HS 7 |
BOTTOM OF THE 6TH |
Maize HS batting - Pitching for Bishop Gorman HS Balbasaurs : RHP Manuel Ramírez
|
Batting: RHB Dan Osborne
|
0-0: Foul Ball, location: 2F 0-1: Called Strike 0-2: Ball 1-2: Foul Ball, location: 2F 1-2: Strikes out swinging
|
Batting: SHB Armando Guzmán
|
0-0: Hit by Pitch
|
Batting: LHB Ed Nelson
|
0-0: Called Strike 0-1: Ball Balk! Armando Guzmán to second 1-1: Foul Ball, location: 2F 1-2: Fly out, F8 (Flyball, 8LM)
|
Batting: RHB Pedro Casillas
|
0-0: Called Strike 0-1: SINGLE (Groundball, 56) (infield hit) Armando Guzmán to third
|
Batting: LHB Scot Godwin
|
0-0: Foul Ball, location: 2F 0-1: Ball 1-1: Foul Ball, location: 2F 1-2: Strikes out swinging
|
Bottom of the 6th over - 0 run(s), 1 hit(s), 0 error(s), 2 left on base; Bishop Gorman HS 1 - Maize HS 7 |
TOP OF THE 7TH |
Bishop Gorman HS Balbasaurs batting - Pitching for Maize HS : LHP John Sharpley
|
Batting: RHB Mario Ramírez
|
0-0: SOLO HOME RUN (Flyball, 9LD), Distance : 374 ft
|
Batting: RHB Chris Cox
|
0-0: Called Strike 0-1: SINGLE (Line Drive, 9S)
|
Batting: RHB Júlio García
|
0-0: Foul Ball, location: 2F 0-1: Ball 1-1: Called Strike 1-2: Ball 2-2: Ball 3-2: Foul Ball, location: 2F 3-2: Fly out, F6 (Line Drive, 6) Lined into DP, 6-3 (Line Drive, 6)
|
Batting: RHB José Díaz
|
0-0: Called Strike 0-1: Ball 1-1: Ball 2-1: Ball 3-1: Foul Ball, location: 2F 3-2: Base on Balls
|
Batting: LHB Guillermo Peña
|
0-0: Called Strike 0-1: Ball Pickoff Throw to First - Out!
|
Top of the 7th over - 1 run(s), 2 hit(s), 0 error(s), 0 left on base; Bishop Gorman HS 2 - Maize HS 7 |
BOTTOM OF THE 7TH |
Maize HS batting - Pitching for Bishop Gorman HS Balbasaurs : RHP Manuel Ramírez
|
Pitching: RHP Carter Boss
|
|
Batting: RHB Dennis Brooks
|
0-0: Fly out, F7 (Line Drive, 7)
|
Batting: SHB Álex Vega
|
0-0: Ball 1-0: Ball 2-0: Foul Ball, location: 2F 2-1: Foul Ball, location: 2F 2-2: Foul Ball, location: 2F 2-2: Foul Ball, location: 2F 2-2: DOUBLE (Flyball, 8LXD)
|
Batting: RHB Michael Obrego
|
0-0: Called Strike 0-1: SINGLE (Line Drive, 78S) Álex Vega to third
|
Batting: LHB Jorge Merced
|
0-0: Ball 1-0: Ball 2-0: Foul Ball, location: 2F 2-1: Foul Ball, location: 2F 2-2: Strikes out swinging
|
Batting: RHB Dan Osborne
|
0-0: Ball 1-0: Foul Ball, location: 2F 1-1: SINGLE (Flyball, 89S) Álex Vega scores Michael Obrego to second
|
Batting: SHB Armando Guzmán
|
0-0: Ball Wild Pitch! Michael Obrego to third Dan Osborne to second 1-0: Ball 2-0: Ball 3-0: Called Strike 3-1: Foul Ball, location: 2F 3-2: DOUBLE (Line Drive, 78D) Michael Obrego scores Dan Osborne scores
|
Pitching: RHP Ronnie Couch
|
|
Batting: LHB Ed Nelson
|
0-0: Called Strike 0-1: SINGLE (Flyball, 89S) Armando Guzmán to third Throwing error, E8 Armando Guzmán scores Ed Nelson to second
|
Batting: RHB Pedro Casillas
|
0-0: Ball 1-0: Hit by Pitch
|
Batting: LHB Scot Godwin
|
0-0: Ball 1-0: Called Strike 1-1: Ball 2-1: Foul Ball, location: 2F 2-2: Ball 3-2: Base on Balls Ed Nelson to third Pedro Casillas to second
|
Batting: RHB Dennis Brooks
|
0-0: Foul Ball, location: 2F 0-1: Ball 1-1: Ball 2-1: Called Strike 2-2: Strikes out swinging
|
Bottom of the 7th over - 4 run(s), 5 hit(s), 1 error(s), 3 left on base; Bishop Gorman HS 2 - Maize HS 11 |
TOP OF THE 8TH |
Bishop Gorman HS Balbasaurs batting - Pitching for Maize HS : LHP John Sharpley
|
Pitching: RHP Nick Reyes
|
|
Batting: LHB Guillermo Peña
|
0-0: Called Strike 0-1: Swinging Strike 0-2: DOUBLE (Flyball, 78XD)
|
Batting: RHB Gabriel Lucero
|
0-0: Called Strike 0-1: Foul Ball, location: 2F 0-2: Ball 1-2: Foul Ball, location: 2F 1-2: Strikes out looking
|
Batting: RHB Ramón Chávez
|
0-0: Ball 1-0: Fly out, F7 (Flyball, 7D)
|
Batting: RHB Jimmy Martin
|
0-0: Called Strike 0-1: Foul Ball, location: 2F 0-2: Ball 1-2: Ball 2-2: Ball 3-2: SINGLE (Groundball, 6MD) Guillermo Peña to third Guillermo Peña scores
|
Batting: RHB John Milligan
|
0-0: Ball 1-0: Ball 2-0: Called Strike 2-1: Ball 3-1: Foul Ball, location: 2F 3-2: Foul Ball, location: 2F 3-2: Foul Ball, location: 2F 3-2: Base on Balls Jimmy Martin to second
|
Batting: RHB Mario Ramírez
|
0-0: Ball 1-0: Ball 2-0: Ball 3-0: Called Strike 3-1: Base on Balls Jimmy Martin to third John Milligan to second
|
Batting: RHB Chris Cox
|
0-0: Called Strike 0-1: Called Strike 0-2: Ball 1-2: Ball 2-2: Foul Ball, location: 2F 2-2: Ball 3-2: Foul Ball, location: 2F 3-2: Strikes out looking
|
Top of the 8th over - 1 run(s), 2 hit(s), 0 error(s), 3 left on base; Bishop Gorman HS 3 - Maize HS 11 |
BOTTOM OF THE 8TH |
Maize HS batting - Pitching for Bishop Gorman HS Balbasaurs : RHP Ronnie Couch
|
Batting: SHB Álex Vega
|
0-0: Foul Ball, location: 2F 0-1: Ball 1-1: Foul Ball, location: 2F 1-2: Ball 2-2: Ball 3-2: Fly out, F4 (Line Drive, 4)
|
Batting: RHB Michael Obrego
|
0-0: Swinging Strike 0-1: Ball 1-1: Ball 2-1: Called Strike 2-2: Strikes out swinging
|
Batting: LHB Jorge Merced
|
0-0: Called Strike 0-1: Ball 1-1: Foul Ball, location: 2F 1-2: Ball 2-2: Fly out, F2 (Popup, 25)
|
Bottom of the 8th over - 0 run(s), 0 hit(s), 0 error(s), 0 left on base; Bishop Gorman HS 3 - Maize HS 11 |
TOP OF THE 9TH |
Bishop Gorman HS Balbasaurs batting - Pitching for Maize HS : RHP Nick Reyes
|
Batting: RHB Júlio García
|
0-0: Ball 1-0: Foul Ball, location: 2F 1-1: Ball 2-1: Ball 3-1: Foul Ball, location: 2F 3-2: Base on Balls
|
Batting: RHB José Díaz
|
0-0: Called Strike 0-1: Foul Ball, location: 2F 0-2: Ball 1-2: Foul Ball, location: 2F 1-2: Ball 2-2: Fly out, F2 (Popup, 3S)
|
Batting: LHB Guillermo Peña
|
0-0: Called Strike 0-1: Ball 1-1: Ball 2-1: Ball 3-1: Base on Balls Júlio García to second
|
Pitching: LHP Steve Sherman
|
|
Batting: RHB Gabriel Lucero
|
0-0: Called Strike 0-1: Ball 1-1: Ball 2-1: Swinging Strike 2-2: Ball 3-2: Foul Ball, location: 2F 3-2: Base on Balls Júlio García to third Guillermo Peña to second
|
Batting: RHB Ramón Chávez
|
0-0: Ball 1-0: Called Strike 1-1: Ball 2-1: Foul Ball, location: 2F 2-2: Ball 3-2: Strikes out swinging
|
Batting: RHB Jimmy Martin
|
0-0: SINGLE (Groundball, 6MD) Júlio García scores Guillermo Peña to third Gabriel Lucero to second Runner from 3rd tries for Home, SAFE, no throw
|
Batting: RHB John Milligan
|
0-0: Called Strike 0-1: Foul Ball, location: 2F 0-2: Ball 1-2: Fly out, F7 (Flyball, 7)
|
Top of the 9th over - 2 run(s), 1 hit(s), 0 error(s), 2 left on base; Bishop Gorman HS 5 - Maize HS 11 |
|